 Dungeon Crawl Stone Soup version 0.25.0-26-g0c896c7088 (webtiles) character file.

Game seed: 1259658612941912182

1516 p0werm0de the Chopper (level 8, 0/76 HPs)
             Began as a Deep Dwarf Fighter on July 1, 2020.
             Was a Plaything of Xom.
             Slain by Duvessa the manticore (glowing shapeshifter) (8 damage)
             ... on level 6 of the Dungeon.
             The game lasted 00:02:18 (2754 turns).

p0werm0de the Chopper (Deep Dwarf Fighter)          Turns: 2754, Time: 00:02:19

Health: 0/76       AC:  8    Str: 22    XL:     8   Next: 54%
Magic:  4/4        EV: 10    Int:  9    God:    Xom [....*.]
Gold:   200        SH: 10    Dex: 12    Spells: 7/7 levels left

rFire    . . .     SeeInvis .   a - +0 war axe
rCold    . . .     Gourm    .   c - +0 kite shield
rNeg     . . .     Faith    +   b - +0 scale mail
rPois    .         Spirit   .   (no helmet)
rElec    .         Reflect  .   r - +0 cloak
rCorr    .         Harm     .   (no gloves)
MR       +....                  (no boots)
Stlth    ..........             x - amulet of faith
HPRegen  0.00/turn              p - ring of attention (curse)
MPRegen  0.09/turn              (no ring)

@: mighty, non-regenerating
A: damage resistance, heal wounds, sense surroundings 1, no regeneration
a: Heal Wounds, Renounce Religion


You were on level 6 of the Dungeon.
You worshipped Xom.
You were a beloved toy of Xom.
You were hungry.

You visited 1 branch of the dungeon, and saw 6 of its levels.

You collected 200 gold pieces.

Inventory:

Hand Weapons
 a - a +0 war axe (weapon)
Armour
 b - a +0 scale mail (worn)
 c - a +0 kite shield (worn)
 r - a +0 cloak (worn)
   (You found it on level 3 of the Dungeon)
Jewellery
 p - a cursed ring of attention (left hand)
   (You found it on level 3 of the Dungeon)
 x - an amulet of faith (around neck)
   (You found it on level 5 of the Dungeon)
 y - a +6 ring of dexterity {unknown}
   (You found it on level 6 of the Dungeon)
Wands
 t - a wand of acid (9)
   (You found it on level 3 of the Dungeon)
Scrolls
 i - a scroll of fog {unknown}
 j - a scroll of blinking {unknown}
 k - a scroll of amnesia {unknown}
 l - 3 scrolls of enchant armour {unknown}
 m - 4 scrolls of identify {unknown}
 n - 3 scrolls of noise {unknown}
 o - 3 scrolls of teleportation {unknown}
 s - 3 scrolls of fear {unknown}
 u - 2 scrolls of magic mapping {unknown}
 v - a scroll of enchant weapon {unknown}
 A - a scroll of random uselessness {unknown}
Potions
 g - a potion of heal wounds {unknown}
 h - a potion of mutation {unknown}
 q - a potion of curing
 w - a potion of stabbing {unknown}
 z - a potion of flight {unknown}
Comestibles
 e - 5 rations
 f - 2 chunks of flesh


   Skills:
 * Level 5.8 Fighting
 * Level 6.5 Axes
 + Level 5.5 Armour
 + Level 4.2 Dodging
 + Level 5.5 Shields


You had 7 spell levels left.
You didn't know any spells.
Your spell library was empty.

Dungeon Overview and Level Annotations

Branches:
Dungeon (6/15)
 Temple: D:4-7

Altars:
Nemelex Xobeh
Ru
Sif Muna
Xom
The Shining One

Annotations:
D:3 2 transporters, SamuraiZach's ghost, amateur TrMo
D:6 Duvessa


Innate Abilities, Weirdness & Mutations

You are resistant to damage.
You can heal yourself by infusing magical energy.
You passively map a small area around you.
You do not regenerate.


Message History

You slash Duvessa!
Duvessa is heavily wounded.
Duvessa the shining eye changes into a manticore!
Your shield prevents you from hitting Duvessa.
Duvessa the manticore changes into a moth of wrath!
Your shield and scale mail prevent you from hitting Duvessa.
Duvessa the moth of wrath changes into a manticore!
You hit Duvessa.
Duvessa is lightly wounded.
You hit Duvessa but do no damage.
Duvessa is lightly wounded.
Duvessa bites you! You block Duvessa's attack. Duvessa barely misses you.
You block Duvessa's attack. Duvessa claws you. You block Duvessa's attack.
You slash Duvessa!
Duvessa is moderately wounded.
Duvessa bites you!!
* * * LOW HITPOINT WARNING * * *
Duvessa claws you!
You die...
Xom giggles madly!

..#..#..#..#.....# , ,
..'._#..+......?.#
.#########%......#
:.'..#..+,....._.#
..#..#..# #.....# *
..#.....# #.....#
###.....######.$.# *
...........#...#H#
...#####.......#@###
..#.# #........)††.# *
.............._..#.#**
##.#########.#.###.$.
, >.## #..... ,...,, *
#..#########.### ####
##........ ..# #..##
** *### #...##


You could see Duvessa the manticore shaped shifter.

Vanquished Creatures
  Maggie (D:6)
  Grinder (D:6)
  A water moccasin (D:5)
  A sky beast (D:5)
  A black bear (D:6)
  A scorpion (D:5)
  Dowan (D:6)
  3 hounds
  4 orc wizards
  A bullfrog skeleton (D:6)
  An iguana (D:5)
  5 worker ants
  2 hound skeletons (D:5)
  4 gnolls (D:5)
  5 adders
  An ooze (D:1)
  An adder skeleton (D:5)
  2 worms
  A dart slug (D:3)
  7 leopard geckos
  14 orcs
  7 goblins
  10 hobgoblins
  16 jackals
  4 kobolds
  4 quokkas
  A ball python (D:3)
  12 bats
  5 frilled lizards
  A jackal zombie (D:5)
  A quokka zombie (D:5)
  7 rats
126 creatures vanquished.

Vanquished Creatures (collateral kills)
  A phantom (D:5)
1 creature vanquished.

Vanquished Creatures (others)
  An adder (D:5)
  A leopard gecko (D:6)
2 creatures vanquished.

Grand Total: 129 creatures vanquished

Notes
Turn   | Place    | Note
-------+----------+-------------------------------------------
     0 | D:1      | p0werm0de the Deep Dwarf Fighter began the quest for the
                  | Orb.
     0 | D:1      | Reached XP level 1. HP: 20/20 MP: 1/1
    40 | D:1      | Reached XP level 2. HP: 27/27 MP: 2/2
   147 | D:1      | Reached skill level 1 in Dodging
   228 | D:1      | Reached XP level 3. HP: 32/34 MP: 3/3
   606 | D:3      | Reached skill level 3 in Axes
   646 | D:3      | Found a shimmering altar of Xom.
   656 | D:3      | Became a worshipper of Xom the Capricious
   664 | D:3      | Reached XP level 4. HP: 36/42 MP: 4/4
   768 | D:3      | XOM: noise
   793 | D:3      | XOM: smoke on damage
   847 | D:3      | Reached XP level 5. HP: 40/50 MP: 5/5
   943 | D:3      | Found a transporter.
   944 | D:3      | Noticed SamuraiZach's ghost (amateur TrMo)
   945 | D:3      | Found a transporter.
   945 | D:3      | Identified the +1 dire flail of Meohoefu {elec, rElec rF+
                  | rC+ Str-2}
   945 | D:3      | Noticed an ogre
   946 | D:3      | Noticed an ogre
   946 | D:3      | Noticed an ogre
  1032 | D:3      | You fall into a shaft and drop 1 floor!
  1299 | D:4      | Reached skill level 4 in Axes
  1400 | D:4      | XOM: 6-stop teleportation journey
  1504 | D:4      | XOM: silly message
  1507 | D:4      | Reached XP level 6. HP: 53/57 MP: 6/6
  1650 | D:4      | Found a shimmering blue altar of Sif Muna.
  1723 | D:5      | Entered Level 5 of the Dungeon
  1815 | D:5      | Found a shimmering altar of Xom.
  1816 | D:5      | Noticed a water moccasin
  1816 | D:5      | Noticed a sky beast
  1849 | D:5      | Killed a sky beast
  1859 | D:5      | XOM: cast spell 'Summon Mana Viper'
  1865 | D:5      | Killed a water moccasin
  1865 | D:5      | Reached XP level 7. HP: 21/66 MP: 7/7
  1873 | D:5      | Reached skill level 5 in Axes
  1879 | D:5      | XOM: divination: magic mapping
  2042 | D:5      | Found a glowing golden altar of the Shining One.
  2436 | D:5      | Found a sparkling altar of Nemelex Xobeh.
  2447 | D:5      | Reached skill level 5 in Fighting
  2468 | D:5      | XOM: summons 2 hostile demons
  2469 | D:5      | Noticed a chaos spawn
  2664 | D:6      | Found a sacrificial altar of Ru.
  2680 | D:6      | Noticed Grinder
  2682 | D:6      | XOM: 3-stop teleportation journey
  2686 | D:6      | XOM: summons friendly quasit
  2692 | D:6      | Reached skill level 5 in Armour
  2696 | D:6      | XOM: scenery: create altars
  2707 | D:6      | Noticed Maggie
  2713 | D:6      | Reached skill level 5 in Shields
  2713 | D:6      | Noticed Duvessa
  2716 | D:6      | Reached XP level 8. HP: 60/74 MP: 6/6
  2716 | D:6      | Noticed Dowan
  2727 | D:6      | Killed Maggie
  2727 | D:6      | Reached skill level 6 in Axes
  2732 | D:6      | XOM: scenery: create altars
  2736 | D:6      | Noticed Duvessa
  2736 | D:6      | Duvessa changed into Duvessa the glowing shapeshifter
  2736 | D:6      | XOM: polymorph Duvessa -> Duvessa the glowing shapeshifter
  2736 | D:6      | Noticed Duvessa
  2736 | D:6      | Duvessa the glowing shapeshifter changed into Duvessa the
                  | faun
  2738 | D:6      | Killed Grinder
  2739 | D:6      | Noticed Duvessa
  2739 | D:6      | Duvessa the faun changed into Duvessa the moth of wrath
  2739 | D:6      | Noticed Duvessa
  2739 | D:6      | Duvessa the moth of wrath changed into Duvessa the cyclops
  2740 | D:6      | Noticed Duvessa
  2740 | D:6      | Duvessa the cyclops changed into Duvessa the spark wasp
  2742 | D:6      | Killed Dowan
  2742 | D:6      | Noticed Duvessa
  2742 | D:6      | Duvessa the spark wasp changed into Duvessa the great orb
                  | of eyes
  2747 | D:6      | Noticed Duvessa
  2747 | D:6      | Duvessa the great orb of eyes changed into Duvessa the
                  | shining eye
  2749 | D:6      | Noticed Duvessa
  2749 | D:6      | Duvessa the shining eye changed into Duvessa the manticore
  2750 | D:6      | Noticed Duvessa
  2750 | D:6      | Duvessa the manticore changed into Duvessa the moth of
                  | wrath
  2751 | D:6      | Noticed Duvessa
  2751 | D:6      | Duvessa the moth of wrath changed into Duvessa the
                  | manticore
  2754 | D:6      | Slain by Duvessa the manticore (glowing shapeshifter)

Illustrated notes

Levels and vault maps discovered:
D:1:      heliophobic_arrival_glass_houses, layout_rooms
D:2:      layout_loops_cross, lemuel_zombie_altar_yredelemnul,
          grunt_qazlal_clouds
D:3:      layout_loops_ring, lightli_temple_of_fire, xom_butterflies,
          gammafunk_ghost_smash
D:4:      layout_basic, lemuel_coloured_pillars_altar, first_ration,
          minmay_fractal_squares_gapless_5
D:5:      layout_loops_ring, nicolae_overflow_hidden_temple,
          nemelex_xobeh_ov_fountains_minmay, xom_confusion_cloud
D:6:      layout_loops_ring, hangedman_ru_absence, kennysheep_mini_moat,
          minmay_temple_entry_waves, grunt_decor_mini_mirrors,
          minmay_shop_damaged, uniq_duvessa, uniq_grinder, uniq_maggie

Skill      XL: |  1  2  3  4  5  6  7  8 |
---------------+-------------------------+-----
Fighting       | 3 4 5 |  5.8
Dodging        | 1 2 3 4 |  4.2
Axes           | 3 4 5 6 |  6.5
Shields        | 4 5 |  5.5
Armour         | 4 5 |  5.5

Action                   |  1- 3 |  4- 6 |  7- 9 || total
-------------------------+-------+-------+-------++-------
Melee: War axe           |   151 |   219 |   179 ||   549
 Abil: Heal Wounds       |     2 |     3 |    11 ||    16
  Use: Potion            |       |       |     3 ||     3
  Eat: Chunk             |       |     4 |     3 ||     7
Armor: Scale mail        |   103 |   106 |    70 ||   279
Dodge: Dodged            |    60 |    74 |    89 ||   223
Block: Kite shield       |   112 |   139 |   107 ||   358
